 Dungeon Crawl Stone Soup version 0.29.1-1-gd02db6906a (webtiles) character file.

Game seed: 10227774468316454658

86 raph the Shield-Bearer (level 4, 0/40 HPs)
             Began as a Minotaur Fighter on Oct 10, 2022.
             Succumbed to a hornet's poison
             ... on level 4 of the Dungeon.
             The game lasted 00:02:37 (2365 turns).

raph the Shield-Bearer (Minotaur Fighter)           Turns: 2365, Time: 00:02:37

Health: 0/40       AC: 15    Str: 21    XL:     4   Next: 27%
Magic:  3/3        EV:  5    Int:  5    God:
Gold:   151        SH:  4    Dex: 11    Spells: 3/3 levels left

rFire   . . .      SeeInvis .   a - +0 flail
rCold   . . .      Faith    .   c - +0 buckler
rNeg    . . .      Spirit   .   s - +0 plate armour
rPois   .          Reflect  .   (helmet restricted)
rElec   .          Harm     .   n - +0 cloak
rCorr   .          Rampage  .   r - +0 pair of gloves
Will    .....                   l - +0 pair of boots
Stlth   ..........              (no amulet)
HPRegen 0.13/turn               (no ring)
MPRegen 0.08/turn               (no ring)

@: mighty, brilliant, lethally poisoned (0 -> -5), hasted, very quick
A: horns 2, retaliatory headbutt
a: no special abilities


You were on level 4 of the Dungeon.
You visited 1 branch of the dungeon, and saw 4 of its levels.

You collected 151 gold pieces.

Inventory:

Hand Weapons
 a - a +0 flail (weapon)
Missiles
 o - 8 poisoned darts (quivered)
Armour
 b - a +0 scale mail
 c - a +0 buckler (worn)
 l - a +0 pair of boots (worn)
 n - a +0 cloak (worn)
 r - a +0 pair of gloves (worn)
 s - a +0 plate armour (worn)
Scrolls
 i - 3 scrolls of teleportation
 p - a scroll of fear {unknown}
 q - a scroll of silence {unknown}
Potions
 f - a potion of heal wounds {unknown}
 g - a potion of haste
 h - a potion of mutation {unknown}
 j - a potion of attraction {unknown}
 k - 2 potions of degeneration {unknown}
 m - 2 potions of curing {unknown}


   Skills:
 + Level 4.2 Fighting
 * Level 3.9 Maces & Flails
 + Level 4.2 Armour
 + Level 4.2 Shields


You had 3 spell levels left.
You didn't know any spells.
Your spell library contained the following spells:

 Spells                   Type           Power      Damage    Failure   Level
 Necrotise                Necr           0%         1d4       100%        1
 Vampiric Draining        Necr           0%         2d6       100%        3
 Agony                    Necr           0%         N/A       100%        5


Dungeon Overview and Level Annotations

Branches:
Dungeon (4/15)
 Temple: D:4-7

Altars:
Ashenzari
Elyvilon
Vehumet

Annotations:
D:3 exclusion: statue


Innate Abilities, Weirdness & Mutations

You have a pair of horns on your head.
You reflexively headbutt those who attack you in melee.


Message History

The hornet stings you.
You are poisoned.
You feel yourself slow down.
You feel very mighty all of a sudden.
You feel very sick. You block the hornet's attack. The hornet stings you.
You feel as though you will be slow longer.
You barely miss the hornet. Your headbutt misses the hornet.
You feel very sick.
The hornet stings you but does no damage. x3
You barely miss the hornet.
You feel sick. The hornet stings you!
You suddenly lose the ability to move!
The hornet stings you but does no damage.
The hornet barely misses you.
You can move again.
You barely miss the hornet. Your headbutt misses the hornet.
You feel yourself speed up.
You feel sick.
You are no longer poisoned.
The hornet stings you but does no damage.
The hornet stings you.
* * * LOW HITPOINT WARNING * * *
You feel yourself slow down. The hornet stings you.
* * * LOW HITPOINT WARNING * * *
You are lethally poisoned!
You feel as though you will be slow longer.
You feel yourself speed up.
You feel yourself speed up.
* * * LOW HITPOINT WARNING * * *
You feel very sick. The hornet stings you.
* * * LOW HITPOINT WARNING * * *
You feel yourself slow down. You block the hornet's attack.
You closely miss the hornet.
* * * LOW HITPOINT WARNING * * *
You feel very sick.
The hornet stings you but does no damage. x2
It was a potion of brilliance.
You feel clever all of a sudden.
You feel yourself speed up.
You die...

........##
##.#..##...#....#
.##+###+#
###..##...#.....# .#
#.........#.....# ##
#.........#......
#.........#......
#.........#......
###+##
#######...'......
##.....##....##...#....
#...$..y@......†..#....
##(....##.........# ...
###### #.........# .
.............#
..............#
....############ ....
_.. ..


You could see a hornet.

Vanquished Creatures
  4 adders
  2 dart slugs (D:2)
  3 orcs (D:3)
  6 bats
  6 endoplasms
  A giant cockroach (D:2)
  A goblin (D:4)
  A hobgoblin (D:3)
  2 jackals (D:4)
  6 kobolds
  4 quokkas
  A ball python (D:3)
  3 rats (D:1)
40 creatures vanquished.

Notes
Turn   | Place    | Note
-------+----------+-------------------------------------------
     0 | D:1      | raph the Minotaur Fighter began the quest for the Orb.
     0 | D:1      | Reached XP level 1. HP: 19/19 MP: 0/0
   200 | D:1      | Found a faded altar of an unknown god.
   280 | D:1      | Reached XP level 2. HP: 23/27 MP: 1/1
   947 | D:2      | Reached XP level 3. HP: 27/33 MP: 2/2
  2022 | D:3      | Found a radiant altar of Vehumet.
  2022 | D:3      | Noticed a frost-covered statue
  2092 | D:4      | Reached XP level 4. HP: 34/40 MP: 3/3
  2154 | D:4      | Found a broken altar of Ashenzari.
  2353 | D:4      | Found a white marble altar of Elyvilon.
  2355 | D:4      | Noticed a hornet
  2361 | D:4      | Paralysed by a hornet for 2 turns
  2364 | D:4      | HP: 1/40 [poisoned by a hornet]
  2365 | D:4      | Succumbed to a hornet's poison

Illustrated notes

Levels and vault maps discovered:
D:1:      dpeg_arrival_three_smaller_balls, layout_loops_ring,
          hellmonk_ecumenical_altar_arch_garden
D:2:      layout_loops_ring
D:3:      layout_loops_cross, vehumet_statue
D:4:      layout_gridville, mainiacjoe_overflow_brackets,
          makhleb_heckhound_becter, nicolae_wu_jian_wuxing_cycle,
          grunt_temple_overflow_open, grunt_ministairs_7, minmay_misc_feat_tiny,
          uniq_grinder

Skill      XL: |  1  2 |
---------------+-------+-----
Maces & Flails | 3 |  3.9
Fighting       | 4 |  4.2
Armour         | 4 |  4.2
Shields        | 4 |  4.2

Action                   |  1- 3 |  4- 6 || total
-------------------------+-------+-------++-------
Melee: Flail             |    81 |    22 ||   103
       Headbutt          |    10 |     2 ||    12
  Use: Scroll            |     4 |       ||     4
       Potion            |       |     3 ||     3
Armor: Scale mail        |    42 |     8 ||    50
       Plate armour      |       |    13 ||    13
Dodge: Dodged            |    40 |     6 ||    46
Block: Buckler           |    22 |     5 ||    27
